PBL
JOPLIN BLASTERS @ MADISON BREWERS
09/15/2049
 
TOP OF THE 1ST
Joplin Blasters batting - Pitching for Madison Brewers : LHP Josh Bowman
Pitching: LHP Josh Bowman
Batting: RHB Angel Melendez 0-0: Foul Ball, location: 2F
0-1: Foul Ball, location: 2F
0-2: Ball
1-2: Foul Ball, location: 2F
1-2: Ball
2-2: Fly out, F9 (Flyball, 9, EV 77.5 MPH)
Batting: RHB Abban Sartika 0-0: Called Strike
0-1: Foul Ball, location: 2F
0-2: Ball
1-2: Strikes out swinging
Batting: RHB Dustin Peterson 0-0: Ball
1-0: Ball
2-0: Foul Ball, location: 2F
2-1: Foul Ball, location: 2F
2-2: Strikes out swinging
Top of the 1st over - 0 runs, 0 hits, 0 errors, 0 left on base; Joplin 0 - Madison 0
BOTTOM OF THE 1ST
Madison Brewers batting - Pitching for Joplin Blasters : RHP Abban Sartika
Pitching: RHP Abban Sartika
Batting: RHB Ben Follett 0-0: Foul Ball, location: 2F
0-1: Ball
1-1: Foul Ball, location: 2F
1-2: SINGLE (Line Drive, 4D, EV 94.4 MPH)
Batting: RHB Troy Morin 0-0: Ball
1-0: Ball
Ben Follett is caught stealing 2nd base 2-4
2-0: Ball
3-0: Called Strike
3-1: Base on Balls
Batting: LHB Bill Kovac 0-0: Ball
1-0: Ground out 4-3 (Groundball, 34D, EV 104.4 MPH)
Troy Morin to second
Batting: RHB Jelani Griffin 0-0: Fly out, F8 (Flyball, 8RS, EV 80.6 MPH)
Bottom of the 1st over - 0 runs, 1 hit, 0 errors, 1 left on base; Joplin 0 - Madison 0
TOP OF THE 2ND
Joplin Blasters batting - Pitching for Madison Brewers : LHP Josh Bowman
Batting: RHB Steve Huebner 0-0: Ball
1-0: Ball
2-0: Foul Ball, location: 2F
2-1: Foul Ball, location: 2F
2-2: Ball
3-2: Base on Balls
Batting: RHB Donnie Bednarz 0-0: Ball
1-0: Foul Ball, location: 2F
1-1: Foul Ball, location: 2F
1-2: Strikes out swinging
Batting: LHB Willie Marquez 0-0: Ball
1-0: Called Strike
1-1: Ball
2-1: Swinging Strike
2-2: Strikes out swinging
Batting: RHB Jin-hoi Hur 0-0: Ball
1-0: Fly out, F9 (Flyball, 9S, EV 78.1 MPH)
Top of the 2nd over - 0 runs, 0 hits, 0 errors, 1 left on base; Joplin 0 - Madison 0
BOTTOM OF THE 2ND
Madison Brewers batting - Pitching for Joplin Blasters : RHP Abban Sartika
Batting: RHB Cory Taylor 0-0: SOLO HOME RUN (Line Drive, 8RXD, EV 116.9 MPH), Distance : 457 ft
Batting: RHB Steve Brock 0-0: Called Strike
0-1: Fly out, F8 (Flyball, 8RS, EV 81.2 MPH)
Batting: RHB Malcolm McCauley 0-0: Foul Ball, location: 2F
0-1: Ball
1-1: Swinging Strike
1-2: Foul Ball, location: 2F
1-2: Foul Ball, location: 2F
1-2: Foul Ball, location: 2F
1-2: Foul Ball, location: 2F
1-2: Ball
2-2: Foul Ball, location: 2F
2-2: SINGLE (Flyball, 5D, EV 82.5 MPH)
Batting: RHB Dave Guevara 0-0: Foul Ball, location: 2F
0-1: Ball
1-1: Ball
2-1: Foul Ball, location: 2F
2-2: Foul Ball, location: 2F
2-2: 2-RUN HOME RUN (Flyball, 89XD, EV 103.8 MPH), Distance : 434 ft
Batting: LHB Andy Underwood 0-0: Called Strike
0-1: Swinging Strike
0-2: Ball
1-2: SOLO HOME RUN (Flyball, 78XD, EV 110.0 MPH), Distance : 415 ft
Batting: RHB Ben Follett 0-0: Called Strike
0-1: Foul Ball, location: 2F
0-2: Ball
1-2: Strikes out looking
Batting: RHB Troy Morin 0-0: Ball
1-0: Ball
2-0: Ball
3-0: Called Strike
3-1: Called Strike
3-2: Foul Ball, location: 2F
3-2: SINGLE (Line Drive, 8RS, EV 94.4 MPH)
Batting: LHB Bill Kovac 0-0: Called Strike
Troy Morin steals 2nd base
0-1: Ball
1-1: SINGLE (Groundball, 56D, EV 105.6 MPH)
Troy Morin to third
Runner from 3rd tries for Home, SAFE, throw by LF to home
Batting: RHB Jelani Griffin 0-0: Ball
1-0: Foul Ball, location: 2F
1-1: Ball
2-1: Called Strike
2-2: Foul Ball, location: 2F
2-2: Ball
3-2: Base on Balls
Bill Kovac to second
Batting: RHB Cory Taylor 0-0: Ball
1-0: Ball
2-0: Ball
3-0: Called Strike
3-1: Foul Ball, location: 2F
3-2: Base on Balls
Bill Kovac to third
Jelani Griffin to second
Pitching: RHP Jaden Brown
Batting: RHB Steve Brock 0-0: Called Strike
0-1: Ball
1-1: Ball
2-1: Ball
3-1: Base on Balls
Bill Kovac scores
Jelani Griffin to third
Cory Taylor to second
Batting: RHB Malcolm McCauley 0-0: Called Strike
0-1: Called Strike
0-2: Ball
1-2: Strikes out looking
Bottom of the 2nd over - 6 runs, 6 hits, 0 errors, 3 left on base; Joplin 0 - Madison 6
TOP OF THE 3RD
Joplin Blasters batting - Pitching for Madison Brewers : LHP Josh Bowman
Batting: RHB Nate Brewer 0-0: Foul Ball, location: 2F
0-1: Foul Ball, location: 2F
0-2: Ball
1-2: Foul Ball, location: 2F
1-2: Ball
2-2: Ball
3-2: Base on Balls
Batting: LHB Josh Lane 0-0: Called Strike
0-1: Fly out, F7 (Line Drive, 7, EV 107.5 MPH)
Batting: RHB Angel Melendez 0-0: Foul Ball, location: 2F
0-1: Ball
1-1: Foul Ball, location: 2F
1-2: Fly out, F8 (Line Drive, 8RD, EV 90.6 MPH)
Batting: RHB Abban Sartika 0-0: Called Strike
0-1: Swinging Strike
0-2: Foul Ball, location: 2F
0-2: Ball
1-2: Ball
2-2: Strikes out swinging
Top of the 3rd over - 0 runs, 0 hits, 0 errors, 1 left on base; Joplin 0 - Madison 6
BOTTOM OF THE 3RD
Madison Brewers batting - Pitching for Joplin Blasters : RHP Jaden Brown
Batting: RHB Dave Guevara 0-0: Called Strike
0-1: Ball
1-1: Ball
2-1: Ball
3-1: Foul Ball, location: 2F
3-2: Base on Balls
Batting: LHB Andy Underwood 0-0: Ball
1-0: Fly out, F7 (Flyball, 7D, EV 88.8 MPH)
Batting: RHB Ben Follett 0-0: Foul Ball, location: 2F
0-1: Called Strike
0-2: Foul Ball, location: 2F
0-2: Ball
1-2: Foul Ball, location: 2F
1-2: Fly out, F6 (Popup, 6, EV 66.9 MPH)
Batting: RHB Troy Morin 0-0: Ball
1-0: Ball
2-0: Ball
3-0: Called Strike
3-1: DOUBLE (Flyball, 8RXD, EV 96.9 MPH)
Dave Guevara to third
Batting: LHB Bill Kovac 0-0: DOUBLE (Line Drive, 9LM, EV 108.1 MPH)
Dave Guevara scores
Troy Morin scores
Batting: RHB Jelani Griffin 0-0: Ball
1-0: Ball
2-0: Ball
3-0: Called Strike
3-1: Foul Ball, location: 2F
3-2: Ground out 2-3 (Groundball, 2L, EV 65.0 MPH)
Bottom of the 3rd over - 2 runs, 2 hits, 0 errors, 1 left on base; Joplin 0 - Madison 8
TOP OF THE 4TH
Joplin Blasters batting - Pitching for Madison Brewers : LHP Josh Bowman
Batting: RHB Dustin Peterson 0-0: Called Strike
0-1: Ball
1-1: Foul Ball, location: 2F
1-2: Foul Ball, location: 2F
1-2: Ball
2-2: Fly out, F7 (Flyball, 7, EV 78.1 MPH)
Batting: RHB Steve Huebner 0-0: Called Strike
0-1: Swinging Strike
0-2: Foul Ball, location: 2F
0-2: Foul Ball, location: 2F
0-2: Foul Ball, location: 2F
0-2: Strikes out swinging
Batting: RHB Donnie Bednarz 0-0: Called Strike
0-1: Swinging Strike
0-2: Strikes out swinging
Top of the 4th over - 0 runs, 0 hits, 0 errors, 0 left on base; Joplin 0 - Madison 8
BOTTOM OF THE 4TH
Madison Brewers batting - Pitching for Joplin Blasters : RHP Jaden Brown
Batting: RHB Cory Taylor 0-0: Ball
1-0: Called Strike
1-1: Fly out, F8 (Flyball, 8LM, EV 91.9 MPH)
Batting: RHB Steve Brock 0-0: Foul Ball, location: 2F
0-1: Ball
1-1: Ball
2-1: Ball
3-1: Fly out, F9 (Flyball, 9LS, EV 86.9 MPH)
Batting: RHB Malcolm McCauley 0-0: Ball
1-0: Foul Ball, location: 2F
1-1: Ball
2-1: Ball
3-1: Base on Balls
Batting: RHB Dave Guevara 0-0: Called Strike
0-1: Ground out 4-3 (Groundball, 4, EV 91.2 MPH)
Bottom of the 4th over - 0 runs, 0 hits, 0 errors, 1 left on base; Joplin 0 - Madison 8
TOP OF THE 5TH
Joplin Blasters batting - Pitching for Madison Brewers : LHP Josh Bowman
Batting: LHB Willie Marquez 0-0: Ball
1-0: Ball
2-0: SINGLE (Groundball, 4MD, EV 111.2 MPH)
Batting: RHB Jin-hoi Hur 0-0: Ball
1-0: Ball
2-0: Ball
3-0: Called Strike
3-1: Foul Ball, location: 2F
3-2: Fly out, F9 (Flyball, 9D, EV 106.9 MPH)
Batting: RHB Nate Brewer 0-0: Ball
1-0: Called Strike
1-1: Foul Ball, location: 2F
1-2: Strikes out swinging
Batting: LHB Josh Lane 0-0: Foul Ball, location: 2F
0-1: Ground out U3 (Groundball, 3, EV 80.0 MPH)
Top of the 5th over - 0 runs, 1 hit, 0 errors, 1 left on base; Joplin 0 - Madison 8
BOTTOM OF THE 5TH
Madison Brewers batting - Pitching for Joplin Blasters : RHP Jaden Brown
Batting: LHB Andy Underwood 0-0: Called Strike
0-1: Fly out, F8 (Flyball, 8LD, EV 107.5 MPH)
Batting: RHB Ben Follett 0-0: Called Strike
0-1: Ball
1-1: Foul Ball, location: 2F
1-2: Ground out 5-3 (Groundball, 5, EV 108.8 MPH)
Batting: RHB Troy Morin 0-0: Ball
1-0: Ball
2-0: Ball
3-0: Base on Balls
Batting: LHB Bill Kovac 0-0: Ball
1-0: Ball
2-0: Ball
3-0: Called Strike
3-1: Base on Balls
Troy Morin to second
Pitching: RHP Robert Carlos
Batting: RHB Jelani Griffin 0-0: Ball
1-0: Ball
2-0: Called Strike
2-1: Fly out, F7 (Line Drive, 7, EV 85.0 MPH)
Bottom of the 5th over - 0 runs, 0 hits, 0 errors, 2 left on base; Joplin 0 - Madison 8
TOP OF THE 6TH
Joplin Blasters batting - Pitching for Madison Brewers : LHP Josh Bowman
Batting: RHB Angel Melendez 0-0: Called Strike
0-1: Swinging Strike
0-2: Ball
1-2: Strikes out looking
Batting: RHB Abban Sartika 0-0: Ball
1-0: Called Strike
1-1: Foul Ball, location: 2F
1-2: Strikes out looking
Batting: RHB Dustin Peterson 0-0: Ball
1-0: Ball
2-0: Ball
3-0: Called Strike
3-1: SINGLE (Line Drive, 6D, EV 103.1 MPH)
Batting: RHB Steve Huebner 0-0: Ball
1-0: Foul Ball, location: 2F
1-1: Foul Ball, location: 2F
1-2: Foul Ball, location: 2F
1-2: Strikes out swinging
Top of the 6th over - 0 runs, 1 hit, 0 errors, 1 left on base; Joplin 0 - Madison 8
BOTTOM OF THE 6TH
Madison Brewers batting - Pitching for Joplin Blasters : RHP Robert Carlos
Batting: RHB Cory Taylor 0-0: Ball
1-0: Ball
2-0: Ball
3-0: Swinging Strike
3-1: Called Strike
3-2: Foul Ball, location: 2F
3-2: Foul Ball, location: 2F
3-2: Strikes out swinging
Batting: RHB Steve Brock 0-0: Ball
1-0: Ball
2-0: Foul Ball, location: 2F
2-1: Called Strike
2-2: SOLO HOME RUN (Line Drive, 8LXD, EV 108.8 MPH), Distance : 451 ft
Batting: RHB Malcolm McCauley 0-0: Ball
1-0: Foul Ball, location: 2F
1-1: Fly out, F7 (Flyball, 7D, EV 106.9 MPH)
Batting: RHB Dave Guevara 0-0: Called Strike
0-1: Called Strike
0-2: Foul Ball, location: 2F
0-2: Ball
1-2: Strikes out looking
Bottom of the 6th over - 1 run, 1 hit, 0 errors, 0 left on base; Joplin 0 - Madison 9
TOP OF THE 7TH
Joplin Blasters batting - Pitching for Madison Brewers : LHP Josh Bowman
Pitching: LHP Dale Troutman
Batting: RHB Donnie Bednarz 0-0: Ball
1-0: Ball
2-0: SINGLE (Groundball, 6MD, EV 106.2 MPH)
Batting: LHB Willie Marquez 0-0: Called Strike
0-1: Foul Ball, location: 2F
0-2: Ball
1-2: Foul Ball, location: 2F
1-2: Fly out, F9 (Line Drive, 89M, EV 106.9 MPH)
Batting: RHB Jin-hoi Hur 0-0: Fly out, F8 (Flyball, 8RXD, EV 110.6 MPH)
Batting: RHB Nate Brewer 0-0: Called Strike
Donnie Bednarz steals 2nd base (no throw)
0-1: Fly out, F8 (Line Drive, 89D, EV 103.8 MPH)
Top of the 7th over - 0 runs, 1 hit, 0 errors, 1 left on base; Joplin 0 - Madison 9
BOTTOM OF THE 7TH
Madison Brewers batting - Pitching for Joplin Blasters : RHP Robert Carlos
Batting: LHB Andy Underwood 0-0: Foul Ball, location: 2F
0-1: Called Strike
0-2: Foul Ball, location: 2F
0-2: SINGLE (Line Drive, 78M, EV 83.8 MPH)
Pinch Hitting: LHB Ryan Cleveland 0-0: Fly out, F9 (Flyball, 9LSF, EV 81.2 MPH)
Batting: RHB Troy Morin 0-0: Foul Ball, location: 2F
0-1: Ball
1-1: Fly out, F9 (Flyball, 9D, EV 90.6 MPH)
Batting: LHB Bill Kovac 0-0: Ball
1-0: Foul Ball, location: 2F
1-1: Ball
2-1: Fielders Choice at 2nd, 6-4 (Groundball, 6, EV 111.2 MPH)
Bottom of the 7th over - 0 runs, 1 hit, 0 errors, 1 left on base; Joplin 0 - Madison 9
TOP OF THE 8TH
Joplin Blasters batting - Pitching for Madison Brewers : LHP Dale Troutman
Now at 1B: Ryan Cleveland
Pinch Hitting: RHB Carlos Castillo 0-0: Called Strike
0-1: Ball
1-1: Foul Ball, location: 2F
1-2: Ball
2-2: DOUBLE (Groundball, 5L, EV 95.0 MPH)
Batting: RHB Angel Melendez 0-0: Called Strike
0-1: Ground out 5-3 (Groundball, 56S, EV 86.2 MPH)
Batting: RHB Abban Sartika 0-0: Ball
1-0: Called Strike
1-1: Ball
2-1: Called Strike
2-2: Strikes out swinging
Batting: RHB Dustin Peterson 0-0: Ball
1-0: Ground out 6-3 (Groundball, 56, EV 101.9 MPH)
Top of the 8th over - 0 runs, 1 hit, 0 errors, 1 left on base; Joplin 0 - Madison 9
BOTTOM OF THE 8TH
Madison Brewers batting - Pitching for Joplin Blasters : RHP Robert Carlos
Now at 3B: Cody Marshall
Batting: RHB Jelani Griffin 0-0: Called Strike
0-1: Ball
1-1: Fly out, F7 (Flyball, 78D, EV 94.4 MPH)
Batting: RHB Cory Taylor 0-0: Ball
1-0: Called Strike
1-1: Foul Ball, location: 2F
1-2: Strikes out swinging
Batting: RHB Steve Brock 0-0: Ball
1-0: Ball
2-0: Foul Ball, location: 2F
2-1: Called Strike
2-2: DOUBLE (Line Drive, 9LM, EV 106.2 MPH)
Batting: RHB Malcolm McCauley 0-0: Hit by Pitch
Batting: RHB Dave Guevara 0-0: Called Strike
0-1: Ball
1-1: Ball
2-1: Called Strike
2-2: Foul Ball, location: 2F
2-2: Ball
3-2: Fly out, F8 (Flyball, 78M, EV 93.1 MPH)
Bottom of the 8th over - 0 runs, 1 hit, 0 errors, 2 left on base; Joplin 0 - Madison 9
TOP OF THE 9TH
Joplin Blasters batting - Pitching for Madison Brewers : LHP Dale Troutman
Batting: RHB Steve Huebner 0-0: Ground out U3 (Groundball, 34S, EV 89.4 MPH)
Batting: RHB Donnie Bednarz 0-0: Foul Ball, location: 2F
0-1: Fly out, F9 (Line Drive, 89M, EV 102.5 MPH)
Pinch Hitting: RHB Mike McClung 0-0: Fly out, F8 (Flyball, 8RM, EV 92.5 MPH)
Top of the 9th over - 0 runs, 0 hits, 0 errors, 0 left on base; Joplin 0 - Madison 9
Sunday, July 16th , 2023 - OOTP Baseball 24.6 Build 69